Map: Abiogenesis LE

Players

FlopFlip - Winner!

  • Race: Terran Terran
  • League: Platinum
  • Spawn Location: 5:00

Kozzy

  • Race: Protoss Protoss
  • League: Gold
  • Spawn Location: 11:00

VOD

Have the link to the VOD?

Description

Time

  • Played on: April 4, 2018, 1:39 p.m.
  • Length: 12:07
Show
View Real Time Build Order
Export as new Build Order

FlopFlip Terran - Winner!

Build Orders: Reaper Expand 

Get SALT Encoding   

  12  0:01  SCV  
  13  0:13  SCV  
  14  0:19  Supply Depot  
  14  0:25  SCV  
  15  0:29  Refinery  
  15  0:42  Barracks  
  15  0:46  SCV  
  16  0:58  SCV  
  17  1:10  SCV  
  18  1:22  SCV  
  18  1:35  SCV  
  19  1:41  Reaper  
  20  1:54  Command Center  
  20  1:55  SCV  
  21  2:06  Factory  
  21  2:15  Supply Depot  
  21  2:18  Barracks Reactor  
  21  2:22  SCV  
  21  2:36  Orbital Command  
  21  2:51  Bunker  
  21  2:57  Marine x2  
  23  3:07  Cyclone  
  26  3:15  Marine  
  26  3:16  SCV x2  
  29  3:32  Supply Depot  
  28  3:39  SCV x2  
  30  3:42  Cyclone  
  30  3:45  Marine x2  
  35  3:51  SCV x2  
  37  3:58  Refinery  
  37  4:03  Marine x2, SCV  
  37  4:05  SCV  
  41  4:11  Supply Depot  
  41  4:17  SCV  
  41  4:18  SCV  
  43  4:29  SCV, Widow Mine  
  43  4:31  Starport  
  46  4:33  SCV  
  47  4:43  Starport  
  47  4:45  Orbital Command  
  47  4:55  SCV  
  47  4:57  Factory Tech Lab  
  47  4:58  Marine x2  
  50  5:05  Barracks  
  47  5:07  SCV  
  45  5:16  Marine x2  
  45  5:18  Bunker  
  41  5:47  Siege Tank  
  37  5:59  Marine x2  
  35  6:16  SCV x2  
  35  6:17  Marine x2  
  39  6:19  Barracks Tech Lab  
  39  6:22  Orbital Command  
  36  6:27  Liberator  
  36  6:28  SCV  
  33  6:35  Marine x2  
  33  6:37  Siege Tank  
  38  6:52  Marine  
  38  6:53  Marine  
  40  6:59  Stimpack, Marauder  
  42  7:03  SCV  
  42  7:04  SCV  
  42  7:05  Medivac  
  46  7:10  Supply Depot  
  46  7:11  Supply Depot  
  46  7:12  Marine  
  46  7:13  Supply Depot  
  46  7:17  Supply Depot  
  46  7:31  Marine  
  46  7:32  Marauder  
  46  7:36  Starport Reactor  
  46  7:37  SCV x2  
  51  7:41  Engineering Bay  
  51  7:47  Engineering Bay  
  51  7:49  SCV  
  52  7:53  Marauder  
  47  8:05  Marine x2  
  41  8:13  Terran Infantry Weapons Level 1, Terran Infantry Armor Level 1  
  41  8:14  Marine  
  41  8:19  Siege Tank  
  45  8:27  Supply Depot  
  45  8:29  Marine  
  45  8:33  Marauder  
  48  8:40  SCV  
  49  8:54  Marauder  
  50  8:56  SCV x2  
  52  9:02  Marine  
  52  9:08  SCV  
  54  9:15  Marine  
  56  9:29  Supply Depot, Barracks Tech Lab  
  55  9:33  Marauder  
  55  9:36  Medivac  
  59  9:50  SCV x2  
  61  9:55  Marauder  
  63  10:03  Siege Tank  
  66  10:09  Marauder  
  67  10:16  Marauder  
  69  10:29  Medivac  
  69  10:30  Marauder  
  73  10:37  Marine  
  73  11:02  Orbital Command  
  72  11:23  Marine x2  
  74  11:27  SCV  
  74  11:28  SCV  
  74  11:31  Medivac  
Show
View Real Time Build Order
Export as new Build Order

Kozzy Protoss 

Build Orders:  

Get SALT Encoding   

  12  0:01  Probe  
  13  0:14  Probe  
  14  0:20  Pylon  
  14  0:26  Probe  
  15  0:38  Probe  
  15  0:41  Gateway  
  16  0:48  Assimilator  
  16  0:50  Probe (Chrono Boost)  
  17  1:00  Assimilator  
  17  1:01  Probe (Chrono Boost)  
  18  1:12  Probe  
  19  1:24  Probe (Chrono Boost)  
  20  1:31  Cybernetics Core  
  21  1:34  Probe (Chrono Boost)  
  21  1:39  Probe (Chrono Boost)  
  22  1:47  Pylon  
  22  1:50  Probe  
  23  2:06  Stalker (Chrono Boost)  
  23  2:07  Forge  
  23  2:13  Warp Gate  
  25  2:34  Shield Battery  
  25  2:35  Stalker  
  27  2:43  Pylon  
  27  2:45  Pylon  
  27  2:57  Protoss Ground Weapons Level 1 (Chrono Boost)  
  27  3:05  Stalker  
  29  3:09  Gateway  
  29  3:35  Stalker  
  31  3:48  Gateway  
  31  3:50  Pylon  
  31  3:56  Gateway  
  33  4:12  Pylon  
  31  4:23  Stalker  
  33  4:24  Stalker  
  35  4:39  Gateway  
  35  4:48  Stalker x2  
  35  4:49  Stalker  
  35  4:50  Stalker  
  37  5:12  Stalker x2  
  37  5:14  Stalker  
  39  5:39  Stalker x2  
  39  5:40  Stalker  
  35  6:06  Stalker x3  
  39  6:16  Stalker  
  37  6:43  Stalker  
  37  6:44  Stalker x3  
  45  6:57  Pylon  
  45  7:02  Pylon  
  45  7:23  Twilight Council  
  45  7:28  Zealot x4  
  31  8:10  Stalker x4  
  37  8:20  Stalker  
  39  8:27  Blink (Chrono Boost)  
  39  8:31  Protoss Ground Weapons Level 2 (Chrono Boost)  
  39  8:38  Stalker  
  39  8:58  Stalker x2  
  43  9:09  Stalker  
  41  9:52  Nexus  
  41  9:58  Pylon  
  41  10:22  Photon Cannon  
  41  10:28  Shield Battery  
  41  10:44  Probe (Chrono Boost)  
  42  10:55  Probe (Chrono Boost)  
  25  11:12  Stalker x3  
  31  11:21  Stalker  
  33  11:29  Shield Battery  
  33  11:36  Stalker  
  35  11:43  Stalker  
  37  11:51  Stalker  
  39  11:59  Stalker  
Tags
 
Add a new tag
Caveats
  • Supply blocks, unpowered buildings, or Contaminate may cause inaccurate times.
  • Supply counts are checked every 10 seconds.